Map: Blackpink LE

Players

GogojOey

  • Race: Zerg Zerg
  • Spawn Location: 7:00

Cham - Winner!

  • Race: Zerg Zerg
  • Spawn Location: 1:00

Event: WCS Leipzig 2018

VOD

Have the link to the VOD?

Description

Time

  • Played on: Jan. 26, 2018, 12:36 p.m.
  • Length: 11:06

All games in this series

Show
View Real Time Build Order
Export as new Build Order

GogojOey Zerg 

Build Orders: Pool First 

Get SALT Encoding   

  12  0:00  Drone  
  13  0:13  Overlord  
  13  0:18  Drone  
  14  0:31  Drone x2  
  14  0:35  Drone  
  17  0:46  Spawning Pool  
  17  0:48  Drone  
  17  1:09  Hatchery  
  17  1:11  Drone  
  17  1:24  Extractor  
  16  1:32  Zergling x6  
  19  1:33  Queen  
  21  1:43  Drone  
  22  1:54  Overlord  
  22  2:11  Queen  
  22  2:13  Drone  
  25  2:15  Drone  
  26  2:24  Queen  
  26  2:25  Drone  
  26  2:28  Metabolic Boost  
  29  2:31  Drone  
  29  2:34  Drone  
  31  2:41  Drone  
  32  2:49  Drone, Overlord  
  32  2:51  Drone x2  
  33  2:56  Zergling x2  
  33  2:57  Baneling Nest  
  32  2:59  Zergling x2  
  32  3:05  Zergling x2  
  34  3:10  Zergling x2  
  35  3:17  Zergling x2  
  36  3:27  Overlord  
  36  3:30  Hatchery  
  36  3:32  Overlord  
  35  3:34  Drone  
  36  3:41  Baneling x3  
  36  3:43  Zergling x2  
  36  3:44  Zergling x2  
  35  3:50  Zergling x4  
  31  3:56  Drone x2  
  31  4:02  Drone x2  
  33  4:05  Drone  
  33  4:08  Drone  
  35  4:11  Drone  
  35  4:16  Drone  
  37  4:19  Drone  
  38  4:27  Drone  
  38  4:28  Roach Warren  
  38  4:30  Baneling  
  38  4:34  Drone  
  38  4:37  Overlord  
  39  4:48  Baneling  
  39  5:01  Zergling x6  
  39  5:06  Overlord  
  42  5:12  Roach x8  
  58  5:24  Roach  
  58  5:25  Roach x2  
  58  5:28  Zergling x2, Roach  
  66  5:32  Zergling x2  
  66  5:33  Zergling x4  
  67  5:39  Zergling x2, Roach  
  67  5:41  Baneling  
  70  5:44  Zergling x4  
  70  5:45  Zergling x2  
  72  5:53  Baneling  
  72  5:58  Baneling  
  72  6:00  Zergling x4  
  73  6:06  Zergling x2  
  73  6:08  Overlord x2  
  73  6:11  Overlord  
  73  6:17  Zergling x4  
  73  6:25  Zergling x2, Roach  
  74  6:30  Roach, Zergling x14  
  74  6:32  Drone  
  82  6:36  Roach  
  82  6:39  Zergling x4  
  80  6:43  Zergling x4  
  76  6:48  Zergling x4  
  76  6:53  Drone x2  
  76  6:54  Drone  
  71  6:55  Drone  
  71  6:56  Drone  
  71  6:59  Drone  
  74  7:07  Evolution Chamber  
  73  7:09  Drone x3  
  73  7:10  Drone  
  73  7:14  Drone x2  
  73  7:15  Drone  
  80  7:21  Drone x3, Extractor  
  82  7:27  Roach x2  
  85  7:30  Roach x2  
  85  7:36  Zergling x4, Roach  
  92  7:44  Zergling x4, Roach x2  
  92  7:50  Zergling x2, Roach  
  92  7:51  Zergling x2, Roach  
  95  7:55  Zergling x2  
  95  7:56  Zergling x2  
  95  8:02  Zergling x2, Roach  
  94  8:05  Drone  
  94  8:06  Drone x2  
  94  8:11  Extractor  
  96  8:12  Queen  
  96  8:18  Overlord x2  
  98  8:24  Overlord x2  
  98  8:36  Overlord x3  
  98  8:38  Zerg Ground Armor Level 1  
  98  8:39  Zergling x10, Roach  
  105  8:43  Zergling x4  
  105  8:47  Zergling x2  
  105  8:48  Roach  
  110  8:54  Zergling x6, Roach  
  115  8:59  Zergling x8  
  119  9:05  Roach  
  121  9:11  Zergling x4, Roach x3  
  129  9:18  Zergling x4, Roach x2  
  129  9:22  Zergling x2  
  129  9:23  Zergling x4  
  138  9:30  Ravager  
  138  9:31  Zergling x4  
  140  9:34  Zergling x2  
  140  9:35  Roach x2, Zergling x4  
  147  9:40  Overlord  
  147  9:45  Zergling x6, Roach  
  152  9:50  Zergling x4  
  152  9:51  Overlord  
  153  10:03  Roach x5  
  152  10:10  Roach x4  
  161  10:14  Zergling x2, Roach  
  156  10:23  Zergling x10  
  156  10:25  Ravager x3  
  163  10:31  Zergling x4  
  162  10:37  Zergling x4  
  149  10:48  Overlord  
Show
View Real Time Build Order
Export as new Build Order

Cham Zerg - Winner!

Build Orders: Hatch First, Zergling Baneling 

Get SALT Encoding   

  12  0:00  Drone  
  13  0:07  Drone  
  14  0:17  Overlord  
  14  0:35  Drone x3  
  17  0:51  Hatchery  
  17  0:54  Drone  
  17  0:57  Drone  
  17  1:00  Extractor  
  17  1:12  Spawning Pool  
  17  1:16  Drone  
  17  1:19  Drone  
  18  1:29  Drone  
  19  1:47  Overlord  
  19  1:51  Drone  
  20  2:00  Metabolic Boost, Queen  
  22  2:02  Queen  
  24  2:23  Zergling x4  
  24  2:26  Hatchery  
  25  2:31  Drone x2  
  25  2:35  Zergling x2  
  28  2:47  Zergling x2  
  28  2:48  Zergling x2  
  28  2:49  Baneling Nest  
  28  2:51  Zergling x2  
  28  2:58  Zergling x4  
  31  3:05  Overlord  
  31  3:20  Overlord  
  31  3:22  Overlord  
  31  3:26  Drone x2  
  31  3:27  Drone  
  34  3:29  Zergling x2  
  34  3:33  Baneling x2  
  35  3:34  Baneling  
  35  3:37  Drone  
  36  3:43  Drone  
  36  3:45  Drone  
  35  4:00  Zergling x4  
  36  4:07  Baneling  
  36  4:09  Drone x2, Zergling x4  
  39  4:11  Drone x4  
  39  4:15  Zergling x2  
  44  4:18  Baneling, Zergling x2  
  44  4:19  Baneling  
  44  4:21  Drone  
  44  4:23  Drone  
  46  4:27  Drone  
  47  4:33  Drone, Zergling x2  
  49  4:38  Evolution Chamber  
  49  4:39  Roach Warren  
  49  4:41  Baneling x2  
  49  4:42  Drone  
  49  4:43  Drone  
  49  4:46  Drone  
  49  4:51  Drone x3  
  54  4:52  Drone  
  54  4:54  Drone  
  54  4:55  Drone  
  56  5:02  Drone x2  
  54  5:07  Extractor  
  54  5:08  Extractor, Queen  
  54  5:11  Drone  
  55  5:14  Drone  
  55  5:15  Overlord  
  55  5:18  Drone  
  57  5:25  Zergling x2, Overlord  
  57  5:30  Zergling x2  
  57  5:31  Overlord  
  57  5:32  Baneling  
  57  5:35  Overlord  
  58  5:36  Drone, Extractor  
  58  5:37  Drone x2  
  58  5:39  Roach  
  63  5:44  Roach  
  63  5:45  Spine Crawler  
  63  5:46  Roach  
  65  5:50  Roach x2  
  65  5:51  Roach x4  
  76  5:58  Roach x2  
  76  6:03  Roach  
  80  6:09  Roach x2  
  79  6:11  Roach  
  79  6:13  Roach  
  79  6:14  Zergling x4, Queen  
  79  6:17  Roach  
  79  6:18  Zergling x2  
  89  6:24  Roach x2, Zergling x2  
  88  6:27  Roach  
  88  6:35  Roach  
  88  6:36  Zergling x2  
  88  6:37  Roach  
  87  6:41  Roach  
  87  6:42  Roach, Zergling x2  
  87  6:46  Roach x2  
  88  6:49  Roach  
  84  6:55  Queen  
  84  6:56  Baneling x2  
  88  7:03  Roach x2  
  88  7:04  Overlord  
  90  7:14  Overlord  
  90  7:18  Lair  
  90  7:22  Queen  
  90  7:23  Overlord  
  90  7:25  Drone x5  
  90  7:27  Zerg Missile Weapons Level 1  
  90  7:29  Drone  
  98  7:35  Zergling x4  
  98  7:36  Zergling x6  
  102  7:47  Zergling x2  
  102  7:48  Zergling x4  
  101  7:56  Zergling x2  
  101  7:59  Drone x2  
  101  8:04  Drone x2  
  103  8:05  Extractor  
  103  8:09  Extractor x2, Overlord  
  100  8:13  Drone  
  100  8:15  Hatchery  
  100  8:16  Drone  
  100  8:19  Drone  
  102  8:24  Drone  
  102  8:26  Drone  
  104  8:30  Roach, Glial Reconstitution  
  106  8:34  Roach x2  
  106  8:35  Overlord  
  106  8:37  Drone  
  106  8:38  Overlord  
  106  8:40  Roach x3  
  106  8:41  Roach x2  
  121  8:42  Overlord x2  
  121  8:53  Overlord  
  121  8:58  Overlord  
  121  8:59  Roach  
  123  9:03  Drone, Overlord  
  123  9:06  Roach x2  
  128  9:10  Roach x2  
  128  9:13  Roach x2  
  128  9:14  Roach  
  128  9:16  Roach  
  143  9:17  Roach x2  
  143  9:19  Roach  
  143  9:21  Roach  
  143  9:24  Roach  
  149  9:27  Roach  
  149  9:30  Roach x2  
  155  9:34  Roach x2  
  159  9:43  Roach x2  
  159  9:44  Roach x2  
  159  9:45  Roach  
  169  9:46  Overlord  
  169  9:53  Roach  
  169  9:54  Roach  
  177  10:00  Roach x2  
  177  10:01  Roach  
  177  10:05  Roach x2  
  177  10:06  Roach x2  
  186  10:09  Ravager x5  
  186  10:10  Ravager  
  191  10:17  Baneling  
  191  10:18  Baneling x9  
  191  10:23  Ravager  
  191  10:24  Overlord x2  
  192  10:41  Roach x4  
  187  10:46  Roach x2  
Tags
 
Add a new tag
Caveats
  • Supply blocks, unpowered buildings, or Contaminate may cause inaccurate times.
  • Supply counts are checked every 10 seconds.